Connexion

EDMONTON Oilers vs DALLAS Stars

Created - 2 mai 2024 at 05:53

Goals
1 2 3 T
EDMONTON Oilers 3 0 2 5
DALLAS Stars 2 0 1 3
Shots
1 2 3 T
EDMONTON Oilers 10 2 6 18
DALLAS Stars 14 8 11 33

GoalsPenalties
1st period
1. EDMONTON Oilers , Clayton Keller 4 (Roman Josi 8, Mitch Marner 5) at 3:07
2. DALLAS Stars , William Karlsson 2 (Morgan Frost 2, Damon Severson 9) at 4:10
3. EDMONTON Oilers , Mitch Marner 7 (Nico Hischier 1) at 5:25
4. DALLAS Stars , Mikhail Sergachev 2 (Tyler Bertuzzi 6, Sebastien Aho 4) at 8:03 (PP)
5. EDMONTON Oilers , Nikolaj Ehlers 6 (Roman Josi 9) at 16:45
Jack Quinn (EDM) for Interference (Minor) at 7:51
Arthur Kaliyev (EDM) for Hooking (Minor) at 11:46
2nd period
No Goal
No Penalty
3rd period
6. DALLAS Stars , John Carlson 2 (Reilly Smith 6, Tomas Hertl 9) at 3:48
7. EDMONTON Oilers , Jack Quinn 5 (Rasmus Sandin 6, Mike Amadio 4) at 10:38
8. EDMONTON Oilers , Evander Kane 3 (Dylan Strome 7, Rasmus Sandin 7) at 19:05 (PP)
William Karlsson (DAL) for Interference (Minor) at 18:23
Goalie Stats
Juuse Saros (EDM), 30 saves from 33 shots - (0,909), W, 8-4-0, 60:00 minutes
Joonas Korpisalo (DAL), 13 saves from 18 shots - (0,722), L, 4-4-0, 60:00 minutes
3 StarsOfficial
1 - Mitch Marner (EDM)
2 - Evander Kane (EDM)
3 - Roman Josi (EDM)
Referees : Chris Rooney and Dan O'Halloran
Linesman : Jay Sharrers and Don Henderson
Game Note
No Game Note
Finance
Level 1 -- Attendance: 6000 (100,00%) -- Ticket Income $750,000
Level 2 -- Attendance: 5532 (100,00%) -- Ticket Income $414,900
Level 3 -- Attendance: 2000 (100,00%) -- Ticket Income $104,000
Level 4 -- Attendance: 4000 (100,00%) -- Ticket Income $144,000
Luxury Box -- Attendance: 1000 (100,00%) -- Ticket Income $245,000
Game was played at the American Airlines Center.
Total Attendance: 18532 (100,00%)
Total Ticket Income: $1,657,900
Other Income: $331,580
Total Income: $1,989,480



Team Name Goals Shots Shots Attemp Shots Blocked PIM HIT PP PK FO%
EDMONTON Oilers 51837124231 / 1 (100%)143%
DALLAS Stars 3336572161 / 2 (50%)157%

EDMONTON Oilers
Player Name POS G A P +/- PIM HIT SHT SB MP PP MP PP SHT PK MP PK SHT FO% FOT
Alexander RomanovD0001030415:340:0000:0000% 0
Arthur KaliyevRW0001210012:150:0000:0000% 0
Casey CizikasC000000108:050:0001:33027% 15
Clayton KellerC/LW/RW1011021019:340:3200:000100% 4
Colton ParaykoD0000001320:460:0000:4000% 0
Dylan StromeC0110000119:490:3200:00048% 23
Evander KaneC/LW/RW1010052020:270:3210:3800% 0
Jack QuinnRW1011202012:150:0000:0000% 0
Mackenzie EntwistleRW000001006:320:0000:0000% 0
Mike AmadioC/LW/RW0111011012:540:0000:38058% 12
Mitch MarnerRW1121021020:420:1001:3000% 2
Nico HischierC0111020019:120:1000:00039% 18
Nikolaj EhlersLW1010005219:270:1000:0000% 1
Oliver Ekman-LarssonD0000010121:180:3200:4000% 0
Rasmus SandinD0221000116:060:3200:0000% 0
Roman Josi D0221021023:080:1001:3100% 0
Tony DeAngeloD0001032023:080:1001:3100% 0
Yegor SharangovichC/LW000000106:350:0000:0300% 2
DALLAS Stars
Player Name POS G A P +/- PIM HIT SHT SB MP PP MP PP SHT PK MP PK SHT FO% FOT
Damon SeversonD011-2001123:210:5610:2800% 0
Daniel SprongLW/RW0001001013:130:0000:0000% 0
Darnell NurseD0000001018:511:1500:1400% 0
Dylan CozensC000-2023021:310:5610:00058% 24
Gustav LindstromD0000000017:480:0000:0000% 0
John CarlsonD1010013018:511:1500:1400% 0
Mikhail SergachevD101-2042223:210:5610:2800% 0
Morgan FrostC0111022013:130:0000:00064% 14
Neal PionkD0000020317:480:0000:0000% 0
Ondrej KaseLW/RW0000004018:141:1500:42050% 4
Peyton KrebsC/LW000-101007:020:0000:0000% 0
Reilly SmithLW/RW0110017017:321:1510:0000% 1
Rem PitlickC/LW/RW000-100107:020:0000:0000% 1
Sebastien AhoC/LW/RW011-2013021:310:5600:0000% 0
Tomas HertlC/LW0110000017:321:1500:00060% 20
Tyler BertuzziLW/RW011-2022022:130:5610:42043% 7
Tyson JostC/LW000-100117:020:0000:00080% 5
William KarlssonC/LW1011202013:120:0000:0000% 1



Play-by-Play

1st period


0:01 of 1st period - Clayton Keller wins face-off versus Dylan Cozens in neutral zone.
0:07 of 1st period - Icing by Mikhail Sergachev.
0:08 of 1st period - Dylan Strome wins face-off versus Tyler Bertuzzi in DALLAS Stars zone.
0:27 of 1st period - Shot by Nikolaj Ehlers.
0:27 of 1st period - Shot Misses the Net.
1:06 of 1st period - Icing by John Carlson.
1:07 of 1st period - Tomas Hertl wins face-off versus Nico Hischier in DALLAS Stars zone.
1:07 of 1st period - Tomas Hertl is hit by Clayton Keller.
1:18 of 1st period - Icing by Ondrej Kase.
1:19 of 1st period - Mike Amadio wins face-off versus Tomas Hertl in DALLAS Stars zone.
2:02 of 1st period - Shot by Ondrej Kase.
2:02 of 1st period - Stopped by Juuse Saros with a rebound.
2:22 of 1st period - Arthur Kaliyev is hit by Morgan Frost and loses puck.
2:35 of 1st period - Shot by William Karlsson.
2:35 of 1st period - Shot Blocked by Alexander Romanov.
2:37 of 1st period - Shot by William Karlsson.
2:37 of 1st period - Stopped by Juuse Saros without a rebound.
2:38 of 1st period - Nico Hischier wins face-off versus Tyson Jost in EDMONTON Oilers zone.
3:07 of 1st period - Shot by Clayton Keller.
3:07 of 1st period - Goal by Clayton Keller - EDMONTON Oilers : 1 - DALLAS Stars : 0.
3:08 of 1st period - Dylan Cozens wins face-off versus Casey Cizikas in neutral zone.
3:15 of 1st period - Shot by Sebastien Aho.
3:15 of 1st period - Stopped by Juuse Saros without a rebound.
3:16 of 1st period - Casey Cizikas wins face-off versus Dylan Cozens in EDMONTON Oilers zone.
3:34 of 1st period - Off-side.
3:35 of 1st period - Morgan Frost wins face-off versus Nico Hischier in neutral zone.
4:08 of 1st period - Shot by Morgan Frost.
4:08 of 1st period - Shot Misses the Net.
4:10 of 1st period - Shot by William Karlsson.
4:10 of 1st period - Goal by William Karlsson - EDMONTON Oilers : 1 - DALLAS Stars : 1.
4:11 of 1st period - Dylan Strome wins face-off versus Dylan Cozens in neutral zone.
4:21 of 1st period - Shot by Dylan Strome.
4:21 of 1st period - Shot Misses the Net.
4:23 of 1st period - Shot by Colton Parayko.
4:23 of 1st period - Shot Misses the Net.
4:25 of 1st period - Shot by Evander Kane.
4:25 of 1st period - Stopped by Joonas Korpisalo without a rebound.
4:26 of 1st period - Casey Cizikas wins face-off versus Tomas Hertl in DALLAS Stars zone.
4:38 of 1st period - Ondrej Kase is hit by Alexander Romanov and loses puck.
4:49 of 1st period - Icing by Gustav Lindstrom.
4:50 of 1st period - Dylan Strome wins face-off versus Tomas Hertl in DALLAS Stars zone.
5:19 of 1st period - Shot by Roman Josi .
5:19 of 1st period - Stopped by Joonas Korpisalo without a rebound.
5:20 of 1st period - Nico Hischier wins face-off versus Tyler Bertuzzi in DALLAS Stars zone.
5:25 of 1st period - Shot by Mitch Marner.
5:25 of 1st period - Goal by Mitch Marner - EDMONTON Oilers : 2 - DALLAS Stars : 1.
5:26 of 1st period - Dylan Cozens wins face-off versus Nico Hischier in neutral zone.
5:39 of 1st period - Clayton Keller is hit by Dylan Cozens and loses puck.
5:48 of 1st period - Shot by Tyler Bertuzzi.
5:48 of 1st period - Stopped by Juuse Saros without a rebound.
5:49 of 1st period - Tyson Jost wins face-off versus Dylan Strome in EDMONTON Oilers zone.
6:08 of 1st period - Shot by Nikolaj Ehlers.
6:08 of 1st period - Shot Misses the Net.
7:00 of 1st period - Shot by Sebastien Aho.
7:00 of 1st period - Stopped by Juuse Saros without a rebound.
7:01 of 1st period - Morgan Frost wins face-off versus Mike Amadio in EDMONTON Oilers zone.
7:01 of 1st period - Daniel Sprong is hit by Alexander Romanov and loses puck.
7:06 of 1st period - Shot by William Karlsson.
7:06 of 1st period - Shot Blocked by Alexander Romanov.
7:32 of 1st period - Shot by Daniel Sprong.
7:32 of 1st period - Shot Misses the Net.
7:51 of 1st period - Minor Penalty to Jack Quinn for Interference.
7:52 of 1st period - Dylan Cozens wins face-off versus Casey Cizikas in EDMONTON Oilers zone.
7:53 of 1st period - Shot by Damon Severson.
7:53 of 1st period - Stopped by Juuse Saros without a rebound.
7:54 of 1st period - Dylan Cozens wins face-off versus Casey Cizikas in EDMONTON Oilers zone.
8:01 of 1st period - Shot by Tyler Bertuzzi.
8:01 of 1st period - Stopped by Juuse Saros with a rebound.
8:03 of 1st period - Shot by Mikhail Sergachev.
8:03 of 1st period - Goal by Mikhail Sergachev - EDMONTON Oilers : 2 - DALLAS Stars : 2.
8:04 of 1st period - Dylan Cozens wins face-off versus Nico Hischier in neutral zone.
8:07 of 1st period - Shot by Sebastien Aho.
8:07 of 1st period - Stopped by Juuse Saros without a rebound.
8:08 of 1st period - Clayton Keller wins face-off versus Dylan Cozens in EDMONTON Oilers zone.
8:20 of 1st period - Icing by Clayton Keller.
8:21 of 1st period - Nico Hischier wins face-off versus Tomas Hertl in EDMONTON Oilers zone.
9:27 of 1st period - Shot by Nikolaj Ehlers.
9:27 of 1st period - Stopped by Joonas Korpisalo without a rebound.
9:28 of 1st period - Dylan Cozens wins face-off versus Yegor Sharangovich in DALLAS Stars zone.
9:28 of 1st period - Dylan Cozens is hit by Mackenzie Entwistle.
9:51 of 1st period - Shot by Yegor Sharangovich.
9:51 of 1st period - Stopped by Joonas Korpisalo without a rebound.
9:52 of 1st period - Morgan Frost wins face-off versus Dylan Strome in DALLAS Stars zone.
11:05 of 1st period - Tyler Bertuzzi is hit by Nico Hischier and loses puck.
11:42 of 1st period - Icing by Tyler Bertuzzi.
11:43 of 1st period - Tyler Bertuzzi wins face-off versus Mike Amadio in DALLAS Stars zone.
11:43 of 1st period - Tyler Bertuzzi is hit by Arthur Kaliyev.
11:46 of 1st period - Minor Penalty to Arthur Kaliyev for Hooking.
11:47 of 1st period - Casey Cizikas wins face-off versus Tomas Hertl in EDMONTON Oilers zone.
12:03 of 1st period - Icing by Darnell Nurse.
12:04 of 1st period - Tomas Hertl wins face-off versus Casey Cizikas in DALLAS Stars zone.
12:11 of 1st period - Shot by Reilly Smith.
12:11 of 1st period - Stopped by Juuse Saros without a rebound.
12:12 of 1st period - Tyler Bertuzzi wins face-off versus Casey Cizikas in EDMONTON Oilers zone.
12:28 of 1st period - Shot by Dylan Cozens.
12:28 of 1st period - Stopped by Juuse Saros without a rebound.
12:29 of 1st period - Tomas Hertl wins face-off versus Casey Cizikas in EDMONTON Oilers zone.
13:08 of 1st period - Shot by Reilly Smith.
13:08 of 1st period - Deflect By Ondrej Kase.
13:08 of 1st period - Shot Misses the Net.
13:25 of 1st period - Off-side.
13:26 of 1st period - Mike Amadio wins face-off versus Tyler Bertuzzi in neutral zone.
14:06 of 1st period - Shot by Peyton Krebs.
14:06 of 1st period - Shot Misses the Net.
14:08 of 1st period - Shot by Gustav Lindstrom.
14:08 of 1st period - Shot Blocked by Nikolaj Ehlers.
14:16 of 1st period - Shot by Tyson Jost.
14:16 of 1st period - Shot Blocked by Rasmus Sandin.
14:52 of 1st period - Sebastien Aho is hit by Mike Amadio and loses puck.
15:18 of 1st period - Shot by Jack Quinn.
15:18 of 1st period - Shot Blocked by Mikhail Sergachev.
15:20 of 1st period - Shot by Jack Quinn.
15:20 of 1st period - Stopped by Joonas Korpisalo without a rebound.
15:21 of 1st period - Nico Hischier wins face-off versus Tomas Hertl in DALLAS Stars zone.
15:38 of 1st period - Shot by Reilly Smith.
15:38 of 1st period - Stopped by Juuse Saros with a rebound.
15:40 of 1st period - Shot by Ondrej Kase.
15:40 of 1st period - Shot Blocked by Oliver Ekman-Larsson.
15:42 of 1st period - Shot by John Carlson.
15:42 of 1st period - Stopped by Juuse Saros without a rebound.
15:43 of 1st period - Morgan Frost wins face-off versus Casey Cizikas in EDMONTON Oilers zone.
16:09 of 1st period - Icing by William Karlsson.
16:10 of 1st period - Morgan Frost wins face-off versus Nico Hischier in DALLAS Stars zone.
16:10 of 1st period - Morgan Frost is hit by Nico Hischier.
16:16 of 1st period - Mitch Marner is hit by Morgan Frost and loses puck.
16:36 of 1st period - Shot by Colton Parayko.
16:36 of 1st period - Stopped by Joonas Korpisalo without a rebound.
16:37 of 1st period - Dylan Cozens wins face-off versus Dylan Strome in DALLAS Stars zone.
16:45 of 1st period - Shot by Nikolaj Ehlers.
16:45 of 1st period - Goal by Nikolaj Ehlers - EDMONTON Oilers : 3 - DALLAS Stars : 2.
16:46 of 1st period - Dylan Strome wins face-off versus Dylan Cozens in neutral zone.
18:13 of 1st period - Icing by Colton Parayko.
18:14 of 1st period - Nico Hischier wins face-off versus Morgan Frost in EDMONTON Oilers zone.
18:51 of 1st period - Shot by Morgan Frost.
18:51 of 1st period - Shot Misses the Net.
18:56 of 1st period - Icing by Colton Parayko.
18:57 of 1st period - Nico Hischier wins face-off versus Reilly Smith in EDMONTON Oilers zone.
19:39 of 1st period - Shot by Roman Josi .
19:39 of 1st period - Shot Misses the Net.
19:41 of 1st period - Shot by Mike Amadio.
19:41 of 1st period - Stopped by Joonas Korpisalo without a rebound.
19:42 of 1st period - Tyler Bertuzzi wins face-off versus Dylan Strome in DALLAS Stars zone.
19:51 of 1st period - Shot by Nikolaj Ehlers.
19:51 of 1st period - Shot Blocked by Mikhail Sergachev.
Goals for this period are 3 for EDMONTON Oilers vs 2 for DALLAS Stars .
Shots for this period are 10 for EDMONTON Oilers vs 14 for DALLAS Stars .

2nd period


0:01 of 2nd period - Dylan Cozens wins face-off versus Dylan Strome in neutral zone.
0:09 of 2nd period - Sebastien Aho is hit by Tony DeAngelo and loses puck.
0:25 of 2nd period - Sebastien Aho is hit by Roman Josi and loses puck.
0:44 of 2nd period - Shot by Tyler Bertuzzi.
0:44 of 2nd period - Shot Misses the Net.
0:46 of 2nd period - Shot by Mikhail Sergachev.
0:46 of 2nd period - Shot Blocked by Nikolaj Ehlers.
1:38 of 2nd period - Shot by Tomas Hertl.
1:38 of 2nd period - Shot Blocked by Colton Parayko.
3:34 of 2nd period - Shot by Tony DeAngelo.
3:34 of 2nd period - Stopped by Joonas Korpisalo with a rebound.
3:42 of 2nd period - Shot by Casey Cizikas.
3:42 of 2nd period - Stopped by Joonas Korpisalo without a rebound.
3:43 of 2nd period - Dylan Strome wins face-off versus Dylan Cozens in DALLAS Stars zone.
3:55 of 2nd period - Icing by Darnell Nurse.
3:56 of 2nd period - Dylan Cozens wins face-off versus Mike Amadio in DALLAS Stars zone.
4:27 of 2nd period - Oliver Ekman-Larsson is hit by Sebastien Aho and loses puck.
4:35 of 2nd period - Sebastien Aho is hit by Oliver Ekman-Larsson and loses puck.
5:47 of 2nd period - Mikhail Sergachev is hit by Evander Kane and loses puck.
6:33 of 2nd period - Icing by Mitch Marner.
6:34 of 2nd period - Nico Hischier wins face-off versus Dylan Cozens in EDMONTON Oilers zone.
6:57 of 2nd period - Alexander Romanov is hit by Dylan Cozens and loses puck.
7:20 of 2nd period - Shot by Dylan Cozens.
7:20 of 2nd period - Shot Misses the Net.
7:48 of 2nd period - Shot by Reilly Smith.
7:48 of 2nd period - Shot Misses the Net.
7:55 of 2nd period - Yegor Sharangovich is hit by Neal Pionk and loses puck.
8:41 of 2nd period - Shot by Jack Quinn.
8:41 of 2nd period - Shot Blocked by Neal Pionk.
8:43 of 2nd period - Shot by Roman Josi .
8:43 of 2nd period - Shot Blocked by Neal Pionk.
9:33 of 2nd period - Shot by Sebastien Aho.
9:33 of 2nd period - Shot Blocked by Alexander Romanov.
10:47 of 2nd period - Shot by Tyson Jost.
10:47 of 2nd period - Stopped by Juuse Saros with a rebound.
11:03 of 2nd period - Shot by Rem Pitlick.
11:03 of 2nd period - Stopped by Juuse Saros without a rebound.
11:04 of 2nd period - Morgan Frost wins face-off versus Dylan Strome in EDMONTON Oilers zone.
11:15 of 2nd period - William Karlsson is hit by Evander Kane and loses puck.
11:25 of 2nd period - Darnell Nurse is hit by Roman Josi and loses puck.
11:35 of 2nd period - William Karlsson is hit by Tony DeAngelo and loses puck.
11:55 of 2nd period - Icing by John Carlson.
11:56 of 2nd period - Mike Amadio wins face-off versus Morgan Frost in DALLAS Stars zone.
12:17 of 2nd period - Shot by Jack Quinn.
12:17 of 2nd period - Shot Misses the Net.
12:53 of 2nd period - Tyler Bertuzzi is hit by Alexander Romanov and loses puck.
13:24 of 2nd period - Nico Hischier is hit by Tyler Bertuzzi.
13:30 of 2nd period - Mikhail Sergachev is hit by Clayton Keller and loses puck.
14:04 of 2nd period - Icing by Tomas Hertl.
14:05 of 2nd period - Dylan Strome wins face-off versus Ondrej Kase in DALLAS Stars zone.
14:08 of 2nd period - Shot by Nikolaj Ehlers.
14:08 of 2nd period - Shot Blocked by Neal Pionk.
14:11 of 2nd period - Icing by Neal Pionk.
14:12 of 2nd period - Dylan Strome wins face-off versus Ondrej Kase in DALLAS Stars zone.
14:29 of 2nd period - Shot by Tomas Hertl.
14:29 of 2nd period - Shot Misses the Net.
14:31 of 2nd period - Shot by Tomas Hertl.
14:31 of 2nd period - Shot Misses the Net.
14:33 of 2nd period - Shot by Reilly Smith.
14:33 of 2nd period - Stopped by Juuse Saros with a rebound.
14:35 of 2nd period - Shot by Ondrej Kase.
14:35 of 2nd period - Stopped by Juuse Saros without a rebound.
14:36 of 2nd period - Tyson Jost wins face-off versus Casey Cizikas in EDMONTON Oilers zone.
14:37 of 2nd period - Shot by John Carlson.
14:37 of 2nd period - Stopped by Juuse Saros without a rebound.
14:38 of 2nd period - Tyson Jost wins face-off versus Nico Hischier in EDMONTON Oilers zone.
15:07 of 2nd period - Nico Hischier is hit by Peyton Krebs and loses puck.
15:33 of 2nd period - Clayton Keller is hit by Mikhail Sergachev and loses puck.
16:32 of 2nd period - Icing by Gustav Lindstrom.
16:33 of 2nd period - Tomas Hertl wins face-off versus Casey Cizikas in DALLAS Stars zone.
16:57 of 2nd period - Shot by Yegor Sharangovich.
16:57 of 2nd period - Shot Misses the Net.
16:59 of 2nd period - Shot by Mackenzie Entwistle.
16:59 of 2nd period - Shot Misses the Net.
17:01 of 2nd period - Shot by Alexander Romanov.
17:01 of 2nd period - Shot Misses the Net.
17:26 of 2nd period - Icing by Yegor Sharangovich.
17:27 of 2nd period - Casey Cizikas wins face-off versus Morgan Frost in EDMONTON Oilers zone.
17:32 of 2nd period - Shot by Morgan Frost.
17:32 of 2nd period - Shot Misses the Net.
17:44 of 2nd period - Shot by William Karlsson.
17:44 of 2nd period - Shot Blocked by Alexander Romanov.
17:46 of 2nd period - Shot by Morgan Frost.
17:46 of 2nd period - Stopped by Juuse Saros without a rebound.
17:47 of 2nd period - Dylan Cozens wins face-off versus Dylan Strome in EDMONTON Oilers zone.
17:54 of 2nd period - Shot by Dylan Cozens.
17:54 of 2nd period - Shot Blocked by Colton Parayko.
18:08 of 2nd period - Shot by Sebastien Aho.
18:08 of 2nd period - Shot Misses the Net.
18:58 of 2nd period - Shot by Ondrej Kase.
18:58 of 2nd period - Stopped by Juuse Saros without a rebound.
18:59 of 2nd period - Clayton Keller wins face-off versus William Karlsson in EDMONTON Oilers zone.
19:15 of 2nd period - Icing by Roman Josi .
19:16 of 2nd period - Tomas Hertl wins face-off versus Mitch Marner in EDMONTON Oilers zone.
19:32 of 2nd period - Shot by Reilly Smith.
19:32 of 2nd period - Stopped by Juuse Saros without a rebound.
19:33 of 2nd period - Mike Amadio wins face-off versus Dylan Cozens in EDMONTON Oilers zone.
19:40 of 2nd period - Shot by Jack Quinn.
19:40 of 2nd period - Shot Misses the Net.
Goals for this period are 0 for EDMONTON Oilers vs 0 for DALLAS Stars .
Shots for this period are 2 for EDMONTON Oilers vs 8 for DALLAS Stars .

3rd period


0:01 of 3rd period - Dylan Strome wins face-off versus Dylan Cozens in neutral zone.
0:26 of 3rd period - Shot by Sebastien Aho.
0:26 of 3rd period - Shot Blocked by Colton Parayko.
0:28 of 3rd period - Shot by Damon Severson.
0:28 of 3rd period - Shot Misses the Net.
0:36 of 3rd period - Shot by Dylan Cozens.
0:36 of 3rd period - Stopped by Juuse Saros without a rebound.
0:37 of 3rd period - Tomas Hertl wins face-off versus Nico Hischier in EDMONTON Oilers zone.
0:54 of 3rd period - Shot by Reilly Smith.
0:54 of 3rd period - Stopped by Juuse Saros without a rebound.
0:55 of 3rd period - Morgan Frost wins face-off versus Mike Amadio in EDMONTON Oilers zone.
1:04 of 3rd period - Shot by Morgan Frost.
1:04 of 3rd period - Deflect By Daniel Sprong.
1:04 of 3rd period - Stopped by Juuse Saros with a rebound.
1:31 of 3rd period - Icing by Neal Pionk.
1:32 of 3rd period - Dylan Strome wins face-off versus Morgan Frost in DALLAS Stars zone.
1:42 of 3rd period - Nikolaj Ehlers is hit by Neal Pionk and loses puck.
2:28 of 3rd period - Icing by Roman Josi .
2:29 of 3rd period - Dylan Cozens wins face-off versus Nico Hischier in EDMONTON Oilers zone.
3:05 of 3rd period - Icing by Mikhail Sergachev.
3:06 of 3rd period - Mike Amadio wins face-off versus Tyler Bertuzzi in DALLAS Stars zone.
3:11 of 3rd period - Icing by Mikhail Sergachev.
3:12 of 3rd period - Dylan Strome wins face-off versus Dylan Cozens in DALLAS Stars zone.
3:17 of 3rd period - Shot by Nikolaj Ehlers.
3:17 of 3rd period - Stopped by Joonas Korpisalo with a rebound.
3:30 of 3rd period - Icing by Damon Severson.
3:31 of 3rd period - Dylan Cozens wins face-off versus Nico Hischier in DALLAS Stars zone.
3:42 of 3rd period - Shot by Dylan Cozens.
3:42 of 3rd period - Stopped by Juuse Saros without a rebound.
3:43 of 3rd period - Tomas Hertl wins face-off versus Dylan Strome in EDMONTON Oilers zone.
3:46 of 3rd period - Shot by Reilly Smith.
3:46 of 3rd period - Stopped by Juuse Saros with a rebound.
3:48 of 3rd period - Shot by John Carlson.
3:48 of 3rd period - Goal by John Carlson - EDMONTON Oilers : 3 - DALLAS Stars : 3.
3:49 of 3rd period - Dylan Strome wins face-off versus Tomas Hertl in neutral zone.
3:54 of 3rd period - Darnell Nurse is hit by Evander Kane and loses puck.
4:11 of 3rd period - Shot by Nikolaj Ehlers.
4:11 of 3rd period - Stopped by Joonas Korpisalo without a rebound.
4:12 of 3rd period - Clayton Keller wins face-off versus Rem Pitlick in DALLAS Stars zone.
4:13 of 3rd period - Shot by Tony DeAngelo.
4:13 of 3rd period - Stopped by Joonas Korpisalo without a rebound.
4:14 of 3rd period - Dylan Cozens wins face-off versus Mitch Marner in DALLAS Stars zone.
4:55 of 3rd period - Shot by Tony DeAngelo.
4:55 of 3rd period - Shot Misses the Net.
4:57 of 3rd period - Shot by Roman Josi .
4:57 of 3rd period - Shot Misses the Net.
5:14 of 3rd period - Evander Kane is hit by Mikhail Sergachev.
5:16 of 3rd period - Shot by Nikolaj Ehlers.
5:16 of 3rd period - Stopped by Joonas Korpisalo without a rebound.
5:17 of 3rd period - Tomas Hertl wins face-off versus Mike Amadio in DALLAS Stars zone.
6:51 of 3rd period - Gustav Lindstrom is hit by Evander Kane and loses puck.
8:04 of 3rd period - Tony DeAngelo is hit by Tyler Bertuzzi and loses puck.
8:16 of 3rd period - Roman Josi is hit by John Carlson and loses puck.
8:50 of 3rd period - Shot by Ondrej Kase.
8:50 of 3rd period - Deflect By Tomas Hertl.
8:50 of 3rd period - Shot Misses the Net.
8:52 of 3rd period - Shot by Ondrej Kase.
8:52 of 3rd period - Stopped by Juuse Saros without a rebound.
8:53 of 3rd period - Morgan Frost wins face-off versus Casey Cizikas in EDMONTON Oilers zone.
9:22 of 3rd period - Shot by Morgan Frost.
9:22 of 3rd period - Stopped by Juuse Saros without a rebound.
9:23 of 3rd period - Tyson Jost wins face-off versus Dylan Strome in EDMONTON Oilers zone.
9:54 of 3rd period - Shot by Dylan Strome.
9:54 of 3rd period - Shot Blocked by Tyson Jost.
9:59 of 3rd period - Evander Kane is hit by Mikhail Sergachev and loses puck.
10:38 of 3rd period - Shot by Jack Quinn.
10:38 of 3rd period - Goal by Jack Quinn - EDMONTON Oilers : 4 - DALLAS Stars : 3.
10:39 of 3rd period - Tomas Hertl wins face-off versus Yegor Sharangovich in neutral zone.
13:42 of 3rd period - Shot by Peyton Krebs.
13:42 of 3rd period - Shot Misses the Net.
13:44 of 3rd period - Shot by Peyton Krebs.
13:44 of 3rd period - Shot Misses the Net.
13:46 of 3rd period - Shot by Darnell Nurse.
13:46 of 3rd period - Stopped by Juuse Saros without a rebound.
13:47 of 3rd period - Tomas Hertl wins face-off versus Casey Cizikas in EDMONTON Oilers zone.
14:27 of 3rd period - Icing by Ondrej Kase.
14:28 of 3rd period - Tomas Hertl wins face-off versus Dylan Strome in DALLAS Stars zone.
14:28 of 3rd period - Tomas Hertl is hit by Evander Kane.
15:03 of 3rd period - Icing by Mikhail Sergachev.
15:04 of 3rd period - Dylan Cozens wins face-off versus Nico Hischier in DALLAS Stars zone.
15:12 of 3rd period - Mikhail Sergachev is hit by Tony DeAngelo and loses puck.
15:25 of 3rd period - Roman Josi is hit by Mikhail Sergachev and loses puck.
15:59 of 3rd period - Morgan Frost is hit by Mitch Marner and loses puck.
16:23 of 3rd period - Icing by Nikolaj Ehlers.
16:24 of 3rd period - Tomas Hertl wins face-off versus Dylan Strome in EDMONTON Oilers zone.
16:33 of 3rd period - Shot by Reilly Smith.
16:33 of 3rd period - Stopped by Juuse Saros without a rebound.
16:34 of 3rd period - Mike Amadio wins face-off versus Tomas Hertl in EDMONTON Oilers zone.
16:34 of 3rd period - Mike Amadio is hit by Reilly Smith.
17:40 of 3rd period - Shot by Dylan Strome.
17:40 of 3rd period - Shot Blocked by Damon Severson.
17:56 of 3rd period - Shot by Tyler Bertuzzi.
17:56 of 3rd period - Shot Blocked by Dylan Strome.
17:58 of 3rd period - Shot by Sebastien Aho.
17:58 of 3rd period - Shot Misses the Net.
18:00 of 3rd period - Shot by Tyler Bertuzzi.
18:00 of 3rd period - Shot Misses the Net.
18:02 of 3rd period - Shot by Tyler Bertuzzi.
18:02 of 3rd period - Shot Misses the Net.
18:04 of 3rd period - Shot by Mikhail Sergachev.
18:04 of 3rd period - Stopped by Juuse Saros without a rebound.
18:05 of 3rd period - Morgan Frost wins face-off versus Nico Hischier in EDMONTON Oilers zone.
18:20 of 3rd period - Shot by Daniel Sprong.
18:20 of 3rd period - Shot Misses the Net.
18:23 of 3rd period - Minor Penalty to William Karlsson for Interference.
18:24 of 3rd period - Ondrej Kase wins face-off versus Nikolaj Ehlers in DALLAS Stars zone.
18:24 of 3rd period - Ondrej Kase is hit by Mitch Marner.
18:33 of 3rd period - Off-side.
18:34 of 3rd period - Ondrej Kase wins face-off versus Dylan Strome in neutral zone.
19:05 of 3rd period - Shot by Dylan Strome.
19:05 of 3rd period - Deflect By Evander Kane.
19:05 of 3rd period - Goal by Evander Kane - EDMONTON Oilers : 5 - DALLAS Stars : 3.
19:06 of 3rd period - Mike Amadio wins face-off versus Morgan Frost in neutral zone.
Goals for this period are 2 for EDMONTON Oilers vs 1 for DALLAS Stars .
Shots for this period are 6 for EDMONTON Oilers vs 11 for DALLAS Stars .